 Dungeon Crawl Stone Soup version 0.26-a0-651-gb41185065b (webtiles) character file.

Game seed: 9191588907739569346

2977 loralnil the Martial Artist (level 9, -21/67 (68) HPs)
             Began as a Gnoll Transmuter on Oct 29, 2020.
             Was a Believer of Cheibriados.
             Demolished by a white ugly thing (25 damage)
             ... on level 9 of the Dungeon.
             The game lasted 00:12:06 (6703 turns).

loralnil the Martial Artist (Gnoll Transmuter)      Turns: 6703, Time: 00:12:07

HP:   -21/67 (68)   AC:  6    Str: 16    XL:     9   Next: 82%
MP:   19/19         EV: 30    Int: 20    God:    Cheibriados [**....]
Gold: 540           SH:  0    Dex: 34    Spells: 6/21 levels left

rFire    . . .     SeeInvis .     - Unarmed
rCold    . . .     Faith    .   (shield currently unavailable)
rNeg     . . .     Spirit   .   (armour currently unavailable)
rPois    x         Reflect  .   (helmet currently unavailable)
rElec    .         Harm     .   (cloak currently unavailable)
rCorr    .         Rampage  .   (gloves currently unavailable)
MR       .....                  (boots currently unavailable)
Stlth    ++++......             n - amulet of magic regeneration
HPRegen  0.21/turn              o - +4 ring of protection
MPRegen  0.41/turn              a - +6 ring of dexterity

@: spider-form, very slow
A: tiny, distributed training, strong nose
a: End Transformation, Bend Time, Renounce Religion


You were on level 9 of the Dungeon.
You worshipped Cheibriados.
Cheibriados was pleased with you.
You were a venomous arachnid creature.
You visited 1 branch of the dungeon, and saw 9 of its levels.

You collected 540 gold pieces.

Inventory:

Armour
 l - a +2 robe of magic resistance (melded)
Jewellery
 a - a +6 ring of dexterity (right front leg)
 d - an uncursed amulet of regeneration
 e - an uncursed ring of wizardry
 n - an amulet of magic regeneration (around neck)
 o - a +4 ring of protection (left front leg)
 s - an uncursed ring of ice
Wands
 p - a wand of polymorph (12)
 q - a wand of acid (5)
 u - a wand of iceblast (12)
Scrolls
 c - 5 scrolls of remove curse
 i - 3 scrolls of magic mapping
 j - 2 scrolls of fear
 k - 9 scrolls of teleportation
 t - a scroll of identify
 v - a scroll of amnesia {unknown}
Potions
 b - 4 potions of might
 f - 3 potions of curing
 g - 3 potions of cancellation
 h - 2 potions of brilliance
 m - a potion of ambrosia
 r - a potion of heal wounds {unknown}


   Skills:
 + Level 5.3 Fighting
 + Level 4.6 Short Blades
 + Level 4.6 Long Blades
 + Level 4.6 Axes
 + Level 4.6 Maces & Flails
 + Level 4.6 Polearms
 + Level 4.6 Staves
 + Level 4.6 Slings
 + Level 4.6 Bows
 + Level 4.6 Crossbows
 + Level 4.6 Throwing
 + Level 4.6 Armour
 + Level 6.6 Dodging
 + Level 4.6 Stealth
 + Level 4.6 Shields
 + Level 8.1 Unarmed Combat
 + Level 6.9 Spellcasting
 + Level 3.8 Conjurations
 + Level 3.8 Hexes
 + Level 3.8 Summonings
 + Level 3.8 Necromancy
 + Level 3.8 Translocations
 + Level 5.4 Transmutations
 + Level 3.8 Fire Magic
 + Level 3.8 Ice Magic
 + Level 3.8 Air Magic
 + Level 3.8 Earth Magic
 + Level 3.8 Poison Magic
 + Level 5.1 Invocations
 + Level 4.6 Evocations


You had 6 spell levels left.
You knew the following spells:

 Your Spells              Type           Power        Failure   Level
a - Beastly Appendage     Tmut           ####..       5%          1
b - Wereblood             Tmut           ####....     7%          2
c - Spider Form           Tmut/Pois      ####......   13%         3
d - Ice Form              Ice/Tmut       ####....     32%         4
e - Blade Hands           Tmut           ####......   50%         5

Your spell library contained the following spells:

 Spells                   Type           Power        Failure   Level
 Summon Small Mammal      Summ           ###.         8%          1
 Call Imp                 Summ           ###.....     11%         2
 Call Canine Familiar     Summ           ###.....     17%         3
 Summon Guardian Golem    Hex/Summ       ###.....     17%         3
 Summon Ice Beast         Ice/Summ       ###.....     41%         4
 Summon Lightning Spire   Summ/Air       ###.....     41%         4


Dungeon Overview and Level Annotations

Branches:
Dungeon (9/15)             Temple (0/1) D:6
   Lair: D:8-11         Orc: D:9-12

Altars:
Cheibriados
Kikubaaqudgha
Okawaru
Trog
Uskayaw
Vehumet
Xom
Yredelemnul
Zin

Shops:
D:8 (


Innate Abilities, Weirdness & Mutations

Your experience applies equally to all skills.
((You have very sharp teeth.))
Your uncanny sense of smell can sniff out nearby items.


Message History

You turn into a venomous arachnid creature.
Your +2 robe of magic resistance melds into your body.
You feel less resistant to hostile enchantments.
The eye of draining turns its gaze towards you.
You hit the white ugly thing but do no damage.
The white ugly thing is poisoned.
The white ugly thing engulfs you! The white ugly thing freezes you!
You barely miss the white ugly thing. The white ugly thing engulfs you!
The white ugly thing freezes you!!
* * * LOW HITPOINT WARNING * * *
You barely miss the white ugly thing.
The white ugly thing is lightly wounded.
The white ugly thing completely misses you.
You bite the white ugly thing!
The white ugly thing looks as sick as possible!
The white ugly thing is lightly wounded.
The white ugly thing engulfs you!
* * * LOW HITPOINT WARNING * * *
The white ugly thing freezes you!!
You die...

#.....######.....
#................
#..)............
G#######.........
.......#....#####
.......#....#
.......#....#
...u...##'###
.......#s...#
.......u....#
###+####....#
#....# ###### ∆


You could see a white ugly thing (extremely poisoned).

Vanquished Creatures
  Psyche (D:8)
  2 hippogriffs
  Sigmund (D:3)
  A wyvern (D:8)
  A sky beast (D:7)
  A phantom (D:5)
  A necrophage (D:6)
  2 ogres
  A centaur (D:7)
  2 scorpions
  5 wights
  A howler monkey (D:6)
  A hound (D:8)
  2 bullfrog skeletons (D:8)
  A jelly (D:7)
  5 orc priests
  10 orc wizards
  3 iguanas
  Terence (D:3)
  6 worker ants
  2 hound zombies
  A worker ant zombie (D:7)
  4 gnolls
  10 adders
  2 shadow imps (D:7)
  2 white imps
  An ooze (D:4)
  4 adder skeletons
  5 worms
  A dart slug (D:2)
  2 leopard geckos
  40 orcs
  5 bats
  4 giant cockroaches
  6 goblins
  8 hobgoblins
  12 jackals
  7 kobolds
  3 quokkas
  A ball python (D:1)
  7 frilled lizards
  2 leopard gecko skeletons
  2 quokka skeletons
  5 rats
184 creatures vanquished.

Notes
Turn   | Place    | Note
-------+----------+-------------------------------------------
     0 | D:1      | loralnil the Gnoll Transmuter began the quest for the Orb.
     0 | D:1      | Reached XP level 1. HP: 17/17 MP: 6/6
   144 | D:1      | Reached XP level 2. HP: 23/23 MP: 5/7
   245 | D:1      | Reached XP level 3. HP: 23/28 MP: 9/9
   320 | D:1      | Learned a level 2 spell: Wereblood
   324 | D:1      | Learned a level 3 spell: Spider Form
   334 | D:1      | Reached skill level 5 in Spellcasting
   703 | D:2      | Reached skill level 1 in Invocations
   847 | D:2      | Found a radiant altar of Vehumet.
   863 | D:2      | Found a shimmering altar of Xom.
   871 | D:2      | Reached skill level 1 in Short Blades
   871 | D:2      | Reached skill level 1 in Long Blades
   871 | D:2      | Reached skill level 1 in Axes
   871 | D:2      | Reached skill level 1 in Maces & Flails
   871 | D:2      | Reached skill level 1 in Polearms
   871 | D:2      | Reached skill level 1 in Staves
   871 | D:2      | Reached skill level 1 in Slings
   871 | D:2      | Reached skill level 1 in Bows
   871 | D:2      | Reached skill level 1 in Crossbows
   871 | D:2      | Reached skill level 1 in Throwing
   871 | D:2      | Reached skill level 1 in Armour
   871 | D:2      | Reached skill level 1 in Stealth
   871 | D:2      | Reached skill level 1 in Shields
   871 | D:2      | Reached skill level 1 in Evocations
   877 | D:2      | Found a bloodstained altar of Trog.
   883 | D:2      | Found a hide-covered altar of Uskayaw.
   888 | D:2      | Reached XP level 4. HP: 26/34 MP: 11/11
   957 | D:2      | Reached skill level 1 in Conjurations
   957 | D:2      | Reached skill level 1 in Hexes
   957 | D:2      | Reached skill level 1 in Summonings
   957 | D:2      | Reached skill level 1 in Necromancy
   957 | D:2      | Reached skill level 1 in Translocations
   957 | D:2      | Reached skill level 1 in Fire Magic
   957 | D:2      | Reached skill level 1 in Ice Magic
   957 | D:2      | Reached skill level 1 in Air Magic
   957 | D:2      | Reached skill level 1 in Earth Magic
   957 | D:2      | Reached skill level 1 in Poison Magic
  1181 | D:2      | Reached XP level 5. HP: 40/40 MP: 8/12
  1377 | D:3      | Reached XP level 6. HP: 47/47 MP: 10/13
  1613 | D:3      | Noticed Terence
  1622 | D:3      | Killed Terence
  1622 | D:3      | Reached skill level 5 in Dodging
  1674 | D:3      | Noticed Sigmund
  1694 | D:3      | Killed Sigmund
  1694 | D:3      | Reached XP level 7. HP: 46/52 MP: 11/15
  2052 | D:3      | Reached skill level 7 in Unarmed Combat
  2679 | D:4      | Found an iron altar of Okawaru.
  2976 | D:5      | Entered Level 5 of the Dungeon
  3027 | D:5      | Reached XP level 8. HP: 27/60 MP: 16/16
  3305 | D:5      | Learned a level 4 spell: Ice Form
  3311 | D:5      | Learned a level 5 spell: Blade Hands
  3405 | D:5      | Found a snail-covered altar of Cheibriados.
  3433 | D:5      | Became a worshipper of Cheibriados the Contemplative
  3755 | D:6      | Got a dazzling whip
  3916 | D:6      | Found an ancient bone altar of Kikubaaqudgha.
  4235 | D:6      | Found a staircase to the Ecumenical Temple.
  4717 | D:7      | Found a basalt altar of Yredelemnul.
  4852 | D:7      | Reached * piety under Cheibriados
  5086 | D:7      | Found a glowing silver altar of Zin.
  5092 | D:7      | Noticed a hippogriff
  5103 | D:7      | Killed a hippogriff
  5103 | D:7      | Reached skill level 5 in Transmutations
  5103 | D:7      | Reached XP level 9. HP: 42/65 MP: 18/18
  5114 | D:7      | Identified the +9 whip of Itueb {antimagic, rElec rF+
                  | Stlth-} (You found it on level 6 of the Dungeon)
  5645 | D:8      | Reached skill level 5 in Fighting
  5702 | D:8      | Reached ** piety under Cheibriados
  5987 | D:8      | Reached skill level 8 in Unarmed Combat
  6051 | D:8      | Found Afrasori's Antique Weapon Shoppe.
  6503 | D:8      | Noticed Psyche
  6511 | D:8      | Killed Psyche
  6511 | D:8      | Reached skill level 5 in Invocations
  6694 | D:9      | Noticed a white ugly thing
  6703 | D:9      | Demolished by a white ugly thing

Illustrated notes

Levels and vault maps discovered:
D:1:      giann_bridges, layout_rooms, chequers_serial_rivers_marsh
D:2:      layout_loops_ring, grunt_temple_overflow_cloverleaf
D:3:      layout_loops_ring, uniq_terence, uniq_sigmund
D:4:      layout_cave_pools, kennysheep_mini, st_stairs_11, grunt_tough_drop
D:5:      layout_gridville, lemuel_doored_altar
D:6:      layout_rooms, minmay_temple_entry_enclosed_plants, basic_altar
D:7:      layout_loops_ring, kennysheep_mini_moat, kennysheep_little_box
D:8:      layout_layer_cave, serial_shops, shop, uniq_psyche
D:9:      layout_grid_maze, lair_entry_dummy, orc_0_dummy, jmf_multi_god_temple2

Skill      XL: |  1  2  3  4  5  6  7  8  9 |
---------------+----------------------------+-----
Spellcasting   | 5 6 |  6.9
Invocations    | 1 2 3 4 5 |  5.1
Short Blades   | 1 2 3 4 |  4.6
Long Blades    | 1 2 3 4 |  4.6
Axes           | 1 2 3 4 |  4.6
Maces & Flails | 1 2 3 4 |  4.6
Polearms       | 1 2 3 4 |  4.6
Staves         | 1 2 3 4 |  4.6
Slings         | 1 2 3 4 |  4.6
Bows           | 1 2 3 4 |  4.6
Crossbows      | 1 2 3 4 |  4.6
Throwing       | 1 2 3 4 |  4.6
Armour         | 1 2 3 4 |  4.6
Stealth        | 1 2 3 4 |  4.6
Shields        | 1 2 3 4 |  4.6
Evocations     | 1 2 3 4 |  4.6
Conjurations   | 1 2 3 |  3.8
Hexes          | 1 2 3 |  3.8
Summonings     | 1 2 3 |  3.8
Necromancy     | 1 2 3 |  3.8
Translocations | 1 2 3 |  3.8
Fire Magic     | 1 2 3 |  3.8
Ice Magic      | 1 2 3 |  3.8
Air Magic      | 1 2 3 |  3.8
Earth Magic    | 1 2 3 |  3.8
Poison Magic   | 1 2 3 |  3.8
Fighting       | 3 4 5 |  5.3
Transmutations | 4 5 |  5.4
Dodging        | 5 6 |  6.6
Unarmed Combat | 7 8 |  8.1

Action                   |  1- 3 |  4- 6 |  7- 9 || total
-------------------------+-------+-------+-------++-------
Melee: Unarmed           |    76 |   110 |   320 ||   506
       Kick              |    12 |    21 |    27 ||    60
       Headbutt          |    11 |     7 |    10 ||    28
       Bite              |     7 |     3 |     7 ||    17
       Punch             |       |     2 |     2 ||     4
 Cast: Beastly Appendage |    17 |    15 |    23 ||    55
       Spider Form       |       |     5 |    36 ||    41
       Ice Form          |       |       |     3 ||     3
  Use: Scroll            |     5 |     2 |     8 ||    15
 Stab: Sleeping          |     2 |     2 |     8 ||    12
Armor: Robe              |    10 |     7 |     7 ||    24
       Skin              |       |     1 |    14 ||    15
Dodge: Dodged            |    43 |    80 |   316 ||   439

Table legend: (Time is in decaauts)
 A = Elapsed time spent in this place.
 B = Non-inter-level travel time spent in this place.
 C = Inter-level travel time spent in this place.
 D = Time resting spent in this place.
 E = Time spent auto-exploring this place.
 F = Levels seen in this place.
 G = Mean time per level.
                   A        B        C        D        E       F      G
               +--------+--------+--------+--------+--------+-----+--------+
         Total |   7378 |   7204 |    174 |    266 |   5510 |   9 |  819.8 |
       Dungeon |   7378 |   7204 |    174 |    266 |   5510 |   9 |  819.8 |
               +--------+--------+--------+--------+--------+-----+--------+

Top non-repeatable levels by time:
     D:8: 1625 daAuts
     D:7: 1083 daAuts
     D:6: 935 daAuts
     D:3: 872 daAuts
     D:4: 768 daAuts
     D:5: 750 daAuts
     D:2: 726 daAuts
     D:1: 579 daAuts
     D:9: 35 daAuts
